 Dungeon Crawl Stone Soup version 0.31-a0-851-g7ff8af7976 (webtiles) character file.

Game seed: 11004735334171589198

7165 Armakuni the Thaumaturge (level 11, -2/70 HPs)
             Began as a Human Wanderer on Oct 5, 2023.
             Was a Believer of Vehumet.
             Slain by a manticore (6 damage)
             ... on level 10 of the Dungeon.
             The game lasted 00:33:02 (13917 turns).

Armakuni the Thaumaturge (Human Wanderer)          Turns: 13917, Time: 00:33:03

Health: -2/70      AC:  7    Str: 17    XL:     11   Next: 32%
Magic:  11/25      EV: 12    Int: 16    God:    Vehumet [**....]
Gold:   251        SH:  0    Dex: 12    Spells: 15/30 levels left

rFire   . . .        a - +10 hand axe "Maob" {flame, rElec Str+3 SInv}
rCold   + . .        (no shield)
rNeg    + . .        z - +0 steam dragon scales
rPois   .            i - +0 helmet
rElec   +            (no cloak)
rCorr   .            g - +0 pair of gloves
SInv    +            (no boots)
Will    .....        A - amulet of the acrobat
Stlth   +            J - ring of protection from cold
HPRegen 0.31/turn    N - ring of positive energy
MPRegen 0.19/turn

%: acrobat
@: no status effects
A: no striking features
a: Renounce Religion


You were on level 10 of the Dungeon.
You worshipped Vehumet.
Vehumet was pleased with you.
You visited 2 branches of the dungeon, and saw 12 of its levels.

You collected 566 gold pieces.
You spent 315 gold pieces at shops.

Inventory:

Hand Weapons
 a - the +10 hand axe "Maob" (weapon) {flame, rElec Str+3 SInv}
   (You found it on level 7 of the Dungeon)

   Str+3:     It affects your strength (+3).
   rElec:     It insulates you from electricity.
   SInv:      It lets you see invisible.
 f - the +8 dire flail of Xukyunn {flame, Fly rC+ Str+3 Dex-3}
   (You bought it in a shop on level 9 of the Dungeon)

   Str+3:     It affects your strength (+3).
   Dex-3:     It affects your dexterity (-3).
   rC+:       It protects you from cold.
   Fly:       It grants you flight.
Missiles
 c - 18 poisoned darts
 e - 2 curare-tipped darts
Armour
 b - a scarf of invisibility
 g - a +0 pair of gloves (worn)
 i - a +0 helmet (worn)
 z - +0 steam dragon scales (worn)
Jewellery
 n - the amulet of Elemental Vulnerability {rPois rF-- rC-- AC+8}
   (You found it on level 5 of the Dungeon)

   [amulet of nothing]

   AC+8:      It affects your AC (+8).
   rF--:      It makes you very vulnerable to fire.
   rC--:      It makes you very vulnerable to cold.
   rPois:     It protects you from poison
 A - an amulet of the acrobat (around neck)
 I - a ring of see invisible
 J - a ring of protection from cold (left hand)
 N - a ring of positive energy (right hand)
Wands
 j - a wand of iceblast (5)
 m - a wand of mindburst (14)
 v - a wand of flame (8)
Scrolls
 d - 2 scrolls of noise
 p - 2 scrolls of vulnerability
 q - a scroll of amnesia
 t - 2 scrolls of poison
 x - a scroll of fear
 y - a scroll of teleportation
Potions
 h - a potion of lignification {unknown}
 k - 2 potions of might
 l - a potion of curing
 o - a potion of heal wounds
 r - a potion of mutation
 s - 3 potions of haste
 u - a potion of magic {unknown}
 w - a potion of brilliance


   Skills:
 - Level 1.0 Fighting
 - Level 1.0 Throwing
 - Level 1.0 Armour
 - Level 2.5 Dodging
 - Level 6.2 Unarmed Combat
 + Level 10.2 Spellcasting
 - Level 10.1 Conjurations
 - Level 1.0 Summonings
 - Level 4.0 Translocations
 - Level 4.0 Fire Magic


You had 15 spell levels left.
You knew the following spells:

 Your Spells              Type           Power      Damage    Failure   Level
a - Stone Arrow           Conj/Erth      48%        3d10      3%          3
b - Summon Small Mammal   Summ           44%        N/A       6%          1
m - Iskenderun's Mystic   Conj/Tloc      30%        2d8       4%          4
s - Starburst             Conj/Fire      15%        6d6       58%         6
z - Foxfire               Conj/Fire      100%       2x1d9     1%          1

Your spell library contained the following spells:

 Spells                   Type           Power      Damage    Failure   Level
 Momentum Strike          Conj/Tloc      60%        3d9       1%          2
 Static Discharge         Conj/Air       48%        2-4/arc   1%          2
 Sticky Flame             Conj/Fire      30%        2d5       4%          4
 Sandblast                Erth           16%        2d6       9%          1
 Brom's Barrelling Bould  Conj/Erth      24%        2d5       11%         4
 Inner Flame              Hex/Fire       14%        N/A       12%         3
 Passwall                 Tmut/Erth      6%         N/A       14%         2
 Ignite Poison            Fire/Tmut/Pois 12%        N/A       16%         3
 Call Canine Familiar     Summ           11%        N/A       19%         3
 Tukima's Dance           Hex            8%         N/A       26%         3
 Dimensional Bullseye     Hex/Tloc       7%         N/A       36%         4
 Animate Armour           Summ/Erth      18%        N/A       58%         4
 Summon Lightning Spire   Summ/Air       9%         N/A       58%         4
 Airstrike                Air            4%         2d(1-17)  65%         4
 Petrify                  Tmut/Erth      8%         N/A       65%         4
 Lee's Rapid Deconstruct  Erth           4%         3d5*      94%         5
 Yara's Violent Unravell  Hex/Tmut       4%         3d4       94%         5
 Plasma Beam              Fire/Air       7%         2x1d17    99%         6
 Enfeeble                 Hex            4%         N/A       100%        7
 Ignition                 Fire           10%        3d5       100%        8
 Fire Storm               Conj/Fire      15%        8d4       100%        9


Dungeon Overview and Level Annotations

Branches:
Dungeon (11/15)            Temple (1/1) D:4
   Lair: D:8-11         Orc: D:9-12

Altars:
Ashenzari
Cheibriados
Dithmenos
Elyvilon
Fedhas
Gozag
Hepliaklqana
Kikubaaqudgha
Makhleb
Nemelex Xobeh
Okawaru
Qazlal
Ru
Sif Muna
Trog
Uskayaw
Vehumet
Wu Jian
Xom
Yredelemnul
Zin
The Shining One

Shops:
D:1 (   D:9 (

Annotations:
D:2 1 runed translucent door, Crazy Yiuf
D:5 3 runed translucent doors, Xavier147's ghost, novice FoHu
D:11 Psyche


Message History

The manticore closely misses you.
You climb upwards.
There is a stone staircase leading down here.
Aiming: Stone Arrow (dangerous; 3% risk of failure)
Press: ? - help, Q - select action, (/) - cycle Shift-Dir - straight line, f - manticore
Aim: a manticore (83% to hit)
The stone arrow misses the manticore.
The manticore bites you! The manticore misses you. The manticore claws you.
Aiming: Stone Arrow (dangerous; 3% risk of failure)
Press: ? - help, Q - select action, (/) - cycle Shift-Dir - straight line, f/p - manticore
Aim: a manticore (83% to hit)
The stone arrow misses the manticore.
The manticore barely misses you. The manticore claws you!
The manticore misses you.
Aiming: Stone Arrow (dangerous; 3% risk of failure)
Press: ? - help, Q - select action, (/) - cycle Shift-Dir - straight line, f/p - manticore
Aim: a manticore (83% to hit)
The stone arrow hits the manticore!
The manticore is moderately wounded.
The manticore closely misses you.
The manticore claws you but does no damage.
The manticore claws you.
Aiming: Stone Arrow (dangerous; 3% risk of failure)
Press: ? - help, Q - select action, (/) - cycle Shift-Dir - straight line, f/p - manticore
Aim: a manticore (moderately wounded, 83% to hit)
The stone arrow hits the manticore!!
The manticore is severely wounded.
The manticore bites you. The manticore closely misses you.
The manticore claws you!
Aiming: Stone Arrow (dangerous; 3% risk of failure)
Press: ? - help, Q - select action, (/) - cycle Shift-Dir - straight line, f/p - manticore
Aim: a manticore (severely wounded, 83% to hit)
The stone arrow hits the manticore!
The manticore is almost dead.
The manticore bites you!!
* * * LOW HITPOINT WARNING * * *
The manticore claws you!
* * * LOW HITPOINT WARNING * * *
The manticore claws you.
You die...

......#........#......#.....#
......#........#......#.....#
......#........#......#.....#
......#....(...#......#.....#
#######........########.....#
............................#
......##+####'########......#
......#..............#......###
......#.........@H...#........#
......#.............(#......###
......#..............#......#
......#..............#......#
......#####''#########......#
..[.........................#
........############.......##
........# #.......# ........#
#....####


You could see a manticore.

Vanquished Creatures
  A two-headed ogre (D:8)
  A troll (D:10)
  A hornet (D:8)
  Grinder (D:6)
  Prince Ribbit (D:9)
  Sigmund (D:5)
  A shadow (D:10)
  3 wyverns
  Grum (D:10)
  3 steam dragons
  A water moccasin (D:9)
  3 sky beasts
  2 orc warriors
  7 ice beasts
  4 ogres
  4 wolves (D:10)
  2 centaurs
  Blork the orc (D:5)
  A bullfrog (D:8)
  3 kobold brigands
  4 gnoll sergeants
  2 scorpions
  11 wights
  2 vampire bats (D:4)
  5 orc priests
  A gnoll bouda (D:3)
  2 hounds
  A jelly (D:5)
  A sleepcap (D:5)
  4 iguanas
  7 orc wizards
  A statue (D:7)
  25 gnolls
  9 adders
  2 shadow imps
  3 white imps
  2 ufetubi
  A worm (D:2)
  4 dart slugs
  17 orcs
  9 ball pythons
  5 bats
  4 bat skeletons (D:4)
  A bat zombie (D:4)
  4 endoplasms
  2 giant cockroaches
  5 goblins
  6 hobgoblins
  7 jackals
  3 quokkas
  3 frilled lizards (D:1)
  14 kobolds
  8 rats
217 creatures vanquished.

Vanquished Creatures (others)
  179 foxfires
179 creatures vanquished.

Grand Total: 396 creatures vanquished

Notes
Turn   | Place    | Note
-------+----------+-------------------------------------------
     0 | D:1      | Armakuni the Human Wanderer began the quest for the Orb.
     0 | D:1      | Armakuni set off with the following items: a +0 dagger, a
                  | scroll of fear, 14 poisoned darts, a potion of
                  | invisibility, a potion of brilliance, a +0 robe; and the
                  | following spell memorised: Summon Small Mammal; and the
                  | following spells available to memorise: Call Canine
                  | Familiar.
     0 | D:1      | Reached XP level 1. HP: 15/15 MP: 2/2
    73 | D:1      | Reached XP level 2. HP: 5/21 MP: 3/3
   382 | D:1      | Found Sasm's Weapon Boutique.
   386 | D:1      | Reached XP level 3. HP: 25/26 MP: 4/4
   481 | D:1      | You fall into a shaft and drop 1 floor!
  1100 | D:2      | Reached XP level 4. HP: 32/32 MP: 5/5
  1477 | D:2      | Reached skill level 1 in Dodging
  1692 | D:2      | Found a runed translucent door.
  1693 | D:2      | Noticed Crazy Yiuf
  2078 | D:3      | Reached XP level 5. HP: 33/37 MP: 6/6
  2497 | D:4      | Learned a level 4 spell: Iskenderun's Mystic Blast
  2499 | D:4      | Learned a level 1 spell: Foxfire
  2521 | D:4      | Noticed an ogre
  2549 | D:4      | HP: 1/37 [ogre/+0 giant club (16)]
  2550 | D:4      | Killed an ogre
  2551 | D:4      | Reached XP level 6. HP: 2/43 MP: 1/7
  2836 | D:4      | Found an ancient bone altar of Kikubaaqudgha.
  3030 | D:4      | Reached XP level 7. HP: 9/48 MP: 8/8
  3735 | D:2      | Reached skill level 5 in Conjurations
  4189 | D:4      | Found a hazy altar of Hepliaklqana.
  4305 | D:4      | Found a staircase to the Ecumenical Temple.
  4311 | Temple   | Entered the Ecumenical Temple
  4739 | D:4      | Identified the +4 dagger of Sauniklegg {pain, Will+ MP+9
                  | Str+2}
  4816 | D:5      | Entered Level 5 of the Dungeon
  5208 | D:5      | Reached XP level 8. HP: 38/54 MP: 4/9
  5510 | D:5      | Found the amulet of Elemental Vulnerability {rPois rF--
                  | rC-- AC+8}
  5670 | D:5      | Noticed a +0 spear
  5670 | D:5      | Noticed a +0 short sword
  5671 | D:5      | Noticed a +0 spear
  5671 | D:5      | Noticed a +0 falchion
  5672 | D:5      | Noticed a +0 dagger
  5672 | D:5      | Noticed a +0 short sword
  5673 | D:5      | Noticed a +0 falchion
  5674 | D:5      | Noticed a +0 dagger
  5845 | D:5      | Noticed Sigmund
  5896 | D:5      | Killed Sigmund
  6034 | D:5      | Found a hide-covered altar of Uskayaw.
  6081 | D:5      | Noticed Blork the orc
  6198 | D:5      | Killed Blork the orc
  6594 | D:5      | Found a runed translucent gate.
  6594 | D:5      | Found a runed translucent gate.
  6594 | D:5      | Found a runed translucent gate.
  6595 | D:5      | Noticed Xavier147's ghost (novice FoHu)
  6842 | D:6      | Got a quivering book
  6847 | D:6      | Learned a level 3 spell: Stone Arrow
  7068 | D:6      | Found a glowing silver altar of Zin.
  7178 | D:6      | Found a snail-covered altar of Cheibriados.
  7187 | D:6      | Found a sparkling altar of Nemelex Xobeh.
  7238 | D:6      | Reached XP level 9. HP: 52/59 MP: 7/10
  7719 | D:6      | Noticed Grinder
  7724 | D:6      | Killed Grinder
  7725 | D:6      | Reached skill level 10 in Conjurations
  7803 | D:6      | Found an opulent altar of Gozag.
  8434 | D:6      | Reached skill level 1 in Translocations
  9262 | D:7      | Reached skill level 1 in Fire Magic
  9362 | D:7      | Identified the +10 hand axe "Maob" {flame, rElec Str+3
                  | SInv}
  9382 | D:7      | Reached XP level 10. HP: 46/65 MP: 6/16
  9914 | D:7      | Reached skill level 5 in Spellcasting
  9915 | D:7      | Found a radiant altar of Vehumet.
  9929 | D:7      | Became a worshipper of Vehumet
 10237 | D:8      | Found a basalt altar of Yredelemnul.
 10311 | D:8      | Paralysed by a hornet for 2 turns
 10700 | D:8      | Noticed a two-headed ogre
 10713 | D:8      | Killed a two-headed ogre
 11537 | D:8      | Found a shimmering blue altar of Sif Muna.
 11538 | D:8      | Reached * piety under Vehumet
 11538 | D:8      | Offered knowledge of Magic Dart by Vehumet.
 11780 | D:9      | Noticed Prince Ribbit
 11785 | D:9      | Killed Prince Ribbit
 11890 | D:9      | Reached XP level 11. HP: 53/70 MP: 13/23
 12333 | D:9      | Found Ropnell's Antique Weapon Boutique.
 12339 | D:9      | Bought a smoking dire flail for 315 gold pieces
 12339 | D:9      | Identified the +8 dire flail of Xukyunn {flame, Fly rC+
                  | Str+3 Dex-3} (You bought it in a shop on level 9 of the
                  | Dungeon)
 12721 | D:9      | Found a burning altar of Makhleb.
 12842 | D:10     | Entered Level 10 of the Dungeon
 12856 | D:10     | Learned a level 6 spell: Starburst
 13263 | D:10     | Offered knowledge of Momentum Strike by Vehumet.
 13264 | D:10     | Reached ** piety under Vehumet
 13595 | D:10     | Noticed Grum
 13598 | D:10     | Reached skill level 10 in Spellcasting
 13606 | D:10     | Killed Grum
 13910 | D:11     | Noticed Psyche
 13910 | D:11     | Noticed a manticore
 13917 | D:10     | Slain by a manticore

Illustrated notes

Levels and vault maps discovered:
D:1:      roderic_crop_circles_arrival_small, layout_loops_ring, serial_shops,
          nicolae_lakefront_shop
D:2:      layout_loops_ring, minmay_domino_2, uniq_crazy_yiuf_cottage
D:3:      layout_rooms, minmay_misc_feat_plants
D:4:      layout_gridville, overflow_temple_1_default,
          kennysheep_vampire_church, minmay_temple_entry_fiery,
          mrwooster_statue_mirror
D:5:      layout_layer_cave, nicolae_uskayaw_en_pointe,
          ebering_ghost_rock_garden, uniq_sigmund, uniq_blork_the_orc
D:6:      layout_basic, mainiacjoe_overflow_surrounded_room,
          amethyst_overflow_temple_binary, mainiacjoe_overflow_paths,
          uniq_grinder
D:7:      layout_basic, vehumet_statue
D:8:      layout_basic, mainiacjoe_overflow_catwalk, kennysheep_orc_sif_temple,
          kennysheep_generic_room_7
D:9:      layout_roguey, kennysheep_mini_moat, serial_shops, shop,
          uniq_prince_ribbit1
D:10:     layout_irregular_city, uniq_grum
D:11:     wad_statue_garden, layout_long_grid, hellmonk_lair_entry_icy,
          uniq_amaemon, uniq_psyche, uniq_fannar
Temple:   chequers_temple_sunken

Skill      XL: |  1  2  3  4  5  6  7  8  9 10 11 |
---------------+----------------------------------+-----
Unarmed Combat | 6 |  6.2
Dodging        | 2 |  2.5
Conjurations   | 2 4 6 9 10 | 10.1
Spellcasting   | 4 8 10 | 10.2
Translocations | 4 |  4.0
Fire Magic     | 2 4 |  4.0
Fighting       | |  1.0
Throwing       | |  1.0
Armour         | |  1.0
Summonings     | |  1.0

Action                     |  1- 3 |  4- 6 |  7- 9 | 10-12 || total
---------------------------+-------+-------+-------+-------++-------
  Melee: Unarmed           |    73 |     7 |     5 |       ||    85
         Dagger            |     6 |   134 |   166 |       ||   306
         Punch             |     2 |    11 |     5 |     2 ||    20
         Scimitar          |       |       |     3 |     2 ||     5
         Hand axe          |       |       |       |    45 ||    45
  Throw: Dart              |    15 |     2 |     1 |       ||    18
   Cast: Foxfire           |       |     5 |    99 |       ||   104
         Stone Arrow       |       |       |    37 |   131 ||   168
         Iskenderun's Myst |       |       |     1 |       ||     1
  Evoke: Wand              |       |       |     7 |    13 ||    20
    Use: Potion            |     1 |     3 |     2 |     1 ||     7
         Scroll            |       |     4 |     6 |     6 ||    16
   Stab: Sleeping          |     2 |     2 |     1 |       ||     5
 Armour: Robe              |    43 |   104 |   222 |    34 ||   403
         Steam dragon scal |       |       |       |    56 ||    56
  Dodge: Dodged            |    55 |    80 |   185 |    74 ||   394

Table legend: (Time is in decaauts)
 A = Elapsed time spent in this place.
 B = Non-inter-level travel time spent in this place.
 C = Inter-level travel time spent in this place.
 D = Time resting spent in this place.
 E = Time spent auto-exploring this place.
 F = Levels seen in this place.
 G = Mean time per level.
                   A        B        C        D        E       F      G
               +--------+--------+--------+--------+--------+-----+--------+
         Total |  13943 |  13520 |    423 |   4347 |   6649 |  12 | 1161.9 |
       Dungeon |  13877 |  13490 |    387 |   4347 |   6649 |  11 | 1261.5 |
        Temple |     65 |     30 |     35 |      0 |      0 |   1 |   65.0 |
               +--------+--------+--------+--------+--------+-----+--------+

Top non-repeatable levels by time:
     D:5: 2089 daAuts
     D:6: 1921 daAuts
     D:8: 1651 daAuts
     D:4: 1566 daAuts
     D:7: 1327 daAuts
     D:2: 1263 daAuts
     D:3: 1130 daAuts
     D:9: 1031 daAuts
    D:10: 1024 daAuts
     D:1: 869 daAuts
  Temple: 65 daAuts
    D:11: 1 daAuts
